 Dungeon Crawl Stone Soup version 0.29-a0-234-g0dae59b3db (webtiles) character file.

Game seed: 13044296188104490470

4589 Hofan the Covert (level 10, -19/44 HPs)
             Began as a Spriggan Enchanter on Mar 3, 2022.
             Was a Follower of Dithmenos.
             Killed from afar by Maggie (34 damage)
             ... with a bolt of fire
             ... on level 8 of the Dungeon.
             The game lasted 00:24:15 (8510 turns).

Hofan the Covert (Spriggan Enchanter)               Turns: 8510, Time: 00:24:20

Health: -19/44     AC: 15    Str: 12    XL:     10   Next: 18%
Magic:  20/25      EV: 18    Int: 32    God:    Dithmenos [*.....]
Gold:   428        SH:  0    Dex: 21    Spells: 19/30 levels left

rFire   . . .      SeeInvis +   a - +1 dagger (elec)
rCold   . . .      Faith    .   (no shield)
rNeg    . . .      Spirit   .   x - +4 robe of Augmentation {Str+4 Int+4 Dex+4}
rPois   +          Reflect  .   n - +4 hat "Qupich" {rPois}
rElec   .          Harm     .   t - +2 cloak
rCorr   .          Rampage  .   (gloves unavailable)
Will    +....                   (boots unavailable)
Stlth   +++++++...              (no amulet)
HPRegen 0.14/turn               i - +6 ring of intelligence
MPRegen 0.19/turn               v - +6 ring of intelligence

@: confusing by touch, wreathed by umbra, very quick
A: very small, no large weapons, unfitting armour, see invisible, speed 3,
hooves 1, iridescent scales 1, mutation resistance 1
a: Renounce Religion


You were on level 8 of the Dungeon.
You worshipped Dithmenos.
Dithmenos was aware of your devotion.
You visited 2 branches of the dungeon, and saw 9 of its levels.

You collected 428 gold pieces.

Inventory:

Hand Weapons
 a - a +1 dagger of electrocution (weapon)
 d - a +2 dagger of venom
 f - a +1 dagger of flaming
 r - a +2 dagger of draining
Missiles
 m - a curare-tipped dart
 p - 9 atropa-tipped darts (quivered)
Armour
 n - the +4 hat "Qupich" (worn) {rPois}
   (You acquired it on level 3 of the Dungeon)

   rPois:     It protects you from poison.
 t - a +2 cloak (worn)
 x - the +4 robe of Augmentation (worn) {Str+4 Int+4 Dex+4}
   (You found it on level 8 of the Dungeon)

   Str:       It affects your strength (+4).
   Int:       It affects your intelligence (+4).
   Dex:       It affects your dexterity (+4).
Jewellery
 i - a +6 ring of intelligence (left hand)
 v - a +6 ring of intelligence (right hand)
Wands
 o - a wand of iceblast (3)
 q - a wand of flame (24)
Scrolls
 b - a scroll of enchant armour
 e - 4 scrolls of teleportation
 j - 2 scrolls of fog
 s - a scroll of amnesia
 y - a scroll of identify
Potions
 c - a potion of invisibility
 g - a potion of flight
 h - a potion of curing
 k - 2 potions of haste
 l - a potion of lignification
 u - a potion of cancellation
 w - 2 potions of magic


   Skills:
 - Level 1.1 Short Blades
 - Level 2.6 Dodging
 + Level 13.2 Stealth
 + Level 10.9 Spellcasting
 + Level 11.2 Hexes


You had 19 spell levels left.
You knew the following spells:

 Your Spells              Type           Power      Damage    Failure   Level
a - Ensorcelled Hibernat  Hex/Ice        100%       N/A       1%          2
b - Tukima's Dance        Hex            73%        N/A       1%          3
c - Dazzling Flash        Conj/Hex       100%       N/A       1%          3
d - Confusing Touch       Hex            73%        N/A       1%          3

Your spell library contained the following spells:

 Spells                   Type           Power      Damage    Failure   Level
 Animate Skeleton         Necr           34%        N/A       2%          1
 Freeze                   Ice            68%        1d8       2%          1
 Pain                     Necr           68%        1d7       2%          1
 Blink                    Tloc           34%        N/A       4%          2
 Frozen Ramparts          Ice            34%        1d5       9%          3
 Vampiric Draining        Necr           17%        2d7       9%          3
 Hailstorm                Conj/Ice       17%        3d6       28%         4
 Manifold Assault         Tloc           17%        N/A       61%         5
 Storm Form               Tmut/Air       8%         N/A       100%        7


Dungeon Overview and Level Annotations

Branches:
Dungeon (8/15)             Temple (1/1) D:7            Lair (0/6) D:8

Altars:
Ashenzari
Cheibriados
Dithmenos
Gozag
Hepliaklqana
Kikubaaqudgha
Nemelex Xobeh
Okawaru
Ru
Sif Muna
Vehumet
Xom
Yredelemnul
Zin

Shops:
D:8 ([(

Annotations:
D:3 2 transporters, Menkaure
D:8 Maggie


Innate Abilities, Weirdness & Mutations

You are very small and have problems with some larger weapons.
You are too small for most types of armour.
You have supernaturally acute eyesight. (SInv)
You cover ground extremely quickly. (Speed+++)
You have large cloven feet.
You are partially covered in iridescent scales. (AC +2)
You are somewhat resistant to further mutation.


Message History

Maggie gestures at you while chanting. The bolt of fire misses you.
Your +0 long sword hits Maggie!
You hit Maggie but do no damage. Your kick misses Maggie.
Maggie is moderately wounded.
Maggie casts a spell.
Maggie attempts to bespell you! You resist with some effort.
You hit Maggie.
Maggie is moderately wounded.
Your +0 long sword closely misses Maggie.
Maggie mumbles some strange words.
Maggie attempts to bespell you!
You easily resist.
You closely miss Maggie. You kick Maggie.
Maggie is moderately wounded.
Your +0 long sword hits Maggie!
Maggie barely misses you.
You hit Maggie.
Maggie is heavily wounded.
Your +0 long sword hits Maggie!!
Maggie hits your +0 long sword but does no damage.
You hit Maggie but do no damage. Your kick misses Maggie.
Maggie is almost dead.
Maggie casts a spell at you. The bolt of fire hits you!!
Ouch! That really hurt!
You are too injured to fight recklessly!
Unknown command.
Unknown command.
You are too injured to fight recklessly!
Unknown command.
You are too injured to fight recklessly!
Unknown command.
You are too injured to fight recklessly!
Unknown command.
Unknown command.
Casting: Ensorcelled Hibernation (safe; 1% risk of failure)
Confirm with . or Enter, or press ? or * to list all spells.
Your hands begin to glow red.
Your +0 long sword hits Maggie!
Maggie casts a spell at you. The bolt of fire hits you!!
Ouch! That really hurt!
You die...

#......##....##.........#......#
#......###+####.........#......#
#......#.... #.........#..∩...#
#......#..... #.........#......#
#......#..... ####+##...#......#
#......#.....##....##...#......#
#......#................#......#
#......#................#......#
#.......@........#......#
#.....###@..######......# ⌠.⌠..
#(..# .∩.. ....... ⌠.⌠
.....$...# .. ...........# .
......>....# ....@......+
..(........#


You could see Maggie (empowered, ally target) and a friendly +0 long sword.

Vanquished Creatures
  Prince Ribbit (D:8)
  A hornet (D:8)
  A wyvern (D:7)
  An acid dragon (D:6)
  2 water moccasins (D:6)
  An orc warrior (D:6)
  An ice beast (D:8)
  A black bear (D:6)
  A sky beast (D:5)
  4 centaurs
  A phantom (D:5)
  A kobold brigand (D:7)
  2 bullfrogs
  2 necrophages
  4 scorpions
  4 wights (D:5)
  3 killer bees (D:7)
  2 howler monkeys (D:6)
  4 hounds
  6 orc priests
  5 jellies
  Ijyb (D:3)
  8 iguanas
  5 orc wizards
  3 gnolls
  10 adders
  2 shadow imps
  An ufetubus (D:6)
  A worm (D:2)
  2 dart slugs
  18 orcs
  4 ball pythons
  8 bats
  8 endoplasms
  4 giant cockroaches
  8 goblins
  5 hobgoblins
  9 jackals
  10 kobolds
  4 quokkas
  A frilled lizard (D:3)
  5 rats
165 creatures vanquished.

Vanquished Creatures (collateral kills)
  A two-headed ogre (D:6)
  A black bear (D:4)
  2 ogres
  Blork the orc (D:5)
  A gnoll shaman (D:5)
  2 gnolls (D:5)
  2 orcs
10 creatures vanquished.

Vanquished Creatures (others)
  2 dancing weapons (D:5)
2 creatures vanquished.

Grand Total: 177 creatures vanquished

Notes
Turn   | Place    | Note
-------+----------+-------------------------------------------
     0 | D:1      | Hofan the Spriggan Enchanter began the quest for the Orb.
     0 | D:1      | Reached XP level 1. HP: 9/9 MP: 5/5
    85 | D:1      | Found a faded altar of an unknown god.
    85 | D:1      | Noticed an orange demon
   350 | D:2      | Reached XP level 2. HP: 13/13 MP: 7/7
   363 | D:2      | Learned a level 2 spell: Ensorcelled Hibernation
   947 | D:1      | Reached XP level 3. HP: 16/16 MP: 6/9
  1361 | D:1      | Learned a level 3 spell: Tukima's Dance
  1365 | D:1      | Learned a level 3 spell: Confusing Touch
  1484 | D:2      | Found a radiant altar of Vehumet.
  1767 | D:2      | Gained mutation: You are somewhat resistant to further
                  | mutation. [potion of mutation]
  1767 | D:2      | Gained mutation: You occasionally shout uncontrollably at
                  | your foes. [potion of mutation]
  2115 | D:2      | Reached XP level 4. HP: 21/21 MP: 11/11
  2119 | D:2      | Learned a level 3 spell: Dazzling Flash
  2231 | D:2      | Reached skill level 5 in Hexes
  3052 | D:3      | Found a transporter.
  3052 | D:3      | Found a basalt altar of Yredelemnul.
  3052 | D:3      | Noticed a necrophage
  3054 | D:3      | Found a transporter.
  3058 | D:3      | Noticed Menkaure
  3065 | D:3      | Found an ancient bone altar of Kikubaaqudgha.
  3080 | D:3      | Lost mutation: You occasionally shout uncontrollably at
                  | your foes. [potion of mutation]
  3080 | D:3      | Lost mutation: You are somewhat resistant to further
                  | mutation. [potion of mutation]
  3080 | D:3      | Gained mutation: You are somewhat resistant to further
                  | mutation. [potion of mutation]
  3080 | D:3      | Gained mutation: You have large cloven feet. [potion of
                  | mutation]
  3080 | D:3      | Gained mutation: You are partially covered in iridescent
                  | scales. (AC +2) [potion of mutation]
  3127 | D:3      | Reached XP level 5. HP: 9/24 MP: 8/13
  3131 | D:3      | Reached skill level 5 in Spellcasting
  3393 | D:3      | Noticed Ijyb
  3524 | D:3      | Identified a scroll of acquirement
  3524 | D:3      | Acquired the +4 hat "Qupich" {rPois}
  3585 | D:3      | Killed Ijyb
  3739 | D:4      | Found a broken altar of Ashenzari.
  3743 | D:4      | Saw a vision of the Shoals and the Snake Pit.
  3743 | D:4      | Noticed a wind drake
  3743 | D:4      | Noticed a wind drake
  3743 | D:4      | Noticed a merfolk
  3743 | D:4      | Noticed a merfolk
  3743 | D:4      | Noticed a naga warrior
  3743 | D:4      | Noticed a black mamba
  3743 | D:4      | Noticed a merfolk siren
  3743 | D:4      | Noticed a salamander
  3743 | D:4      | Noticed a naga
  3743 | D:4      | Noticed a naga
  3743 | D:4      | Noticed a merfolk
  3744 | D:4      | Noticed a black mamba
  3744 | D:4      | Noticed a wind drake
  3745 | D:4      | Noticed a naga mage
  3745 | D:4      | Noticed a wind drake
  3746 | D:4      | Noticed an anaconda
  3887 | D:4      | Reached skill level 5 in Stealth
  4044 | D:4      | Noticed a black bear
  4060 | D:4      | Killed a black bear
  4061 | D:4      | Reached XP level 6. HP: 25/28 MP: 3/15
  4271 | D:4      | Reached skill level 6 in Stealth
  4767 | D:5      | Entered Level 5 of the Dungeon
  4770 | D:5      | Reached XP level 7. HP: 32/32 MP: 17/17
  4804 | D:5      | Reached skill level 7 in Stealth
  5006 | D:5      | Found an opulent altar of Gozag.
  5014 | D:5      | Reached skill level 8 in Stealth
  5014 | D:5      | Noticed Blork the orc
  5024 | D:5      | Killed Blork the orc
  5137 | D:5      | Reached XP level 8. HP: 30/36 MP: 20/20
  5504 | D:5      | HP: 1/36 [orc priest/divine providence (11)]
  5747 | D:5      | Reached skill level 9 in Stealth
  6073 | D:6      | Noticed a two-headed ogre
  6091 | D:6      | Reached skill level 10 in Stealth
  6103 | D:6      | Killed a two-headed ogre
  6104 | D:6      | Reached XP level 9. HP: 28/39 MP: 3/23
  6131 | D:6      | Reached skill level 11 in Stealth
  6604 | D:6      | Reached skill level 10 in Hexes
  6897 | D:6      | Reached skill level 10 in Spellcasting
  6956 | D:6      | Reached skill level 12 in Stealth
  6988 | D:6      | Identified the +2 robe of the Valley {Contam Harm rElec
                  | Regen+}
  7188 | D:7      | Found a staircase to the Ecumenical Temple.
  7338 | Temple   | Entered the Ecumenical Temple
  7390 | Temple   | Became a worshipper of Dithmenos the Shadowed
  7799 | D:7      | Reached XP level 10. HP: 34/44 MP: 16/25
  8066 | D:8      | Found Suosyer's Weapon Emporium.
  8184 | D:8      | Found the +4 robe of Augmentation {Str+4 Int+4 Dex+4}
  8191 | D:8      | Found a staircase to the Lair.
  8280 | D:8      | Found Kojohu's Weapon Shoppe.
  8340 | D:8      | Reached skill level 13 in Stealth
  8389 | D:8      | Noticed Prince Ribbit
  8407 | D:8      | Reached * piety under Dithmenos
  8410 | D:8      | Killed Prince Ribbit
  8491 | D:8      | Noticed Maggie
  8494 | D:8      | Found Zucs's Antique Armour Shoppe.
  8510 | D:8      | Killed from afar by Maggie

Illustrated notes

Levels and vault maps discovered:
D:1:      tarquinn_simple_flora_water_e, layout_rooms,
          dreamdust_ecumenical_altar_sealed_demon
D:2:      layout_basic, basic_altar, serial_rivers,
          chequers_serial_rivers_micro_a, chequers_serial_rivers_room_b,
          chequers_serial_rivers_small_b, chequers_serial_rivers_micro_c
D:3:      layout_loops_ring, gammafunk_temple_of_torment, chequers_jeans,
          uniq_ijyb
D:4:      layout_loops_corners, grunt_ashenzari_visionary
          [grunt_ashenzari_visionary_shoals, grunt_ashenzari_visionary_snake]
D:5:      layout_rooms, mainiacjoe_overflow_chevrons,
          kennysheep_generic_room_10, uniq_blork_the_orc
D:6:      minmay_bubble_buster, layout_cave_pools
D:7:      layout_rooms, minmay_temple_entry_proselytizer
D:8:      layout_gridville, gammafunk_temple_overflow_wave, lair_entry_dummy,
          serial_shops, shop, shop_fountains, nicolae_shop_bloodbath_and_beyond,
          uniq_maggie, uniq_prince_ribbit1
Temple:   compressed_dpeg_circular_temple

Skill      XL: |  1  2  3  4  5  6  7  8  9 10 |
---------------+-------------------------------+-----
Spellcasting   | 3 4 5 6 7 9 10 | 10.9
Hexes          | 4 5 6 7 9 10 11 | 11.2
Stealth        | 5 6 8 10 12 13 | 13.2
Short Blades   | |  1.1
Dodging        | |  2.6

Action                   |  1- 3 |  4- 6 |  7- 9 | 10-12 || total
-------------------------+-------+-------+-------+-------++-------
Melee: Dagger            |   137 |   116 |   171 |    49 ||   473
       Punch             |     1 |     2 |     2 |     1 ||     6
       Kick              |       |    14 |    47 |    15 ||    76
 Cast: Ensorcelled Hiber |    18 |     8 |    47 |     7 ||    80
       Tukima's Dance    |       |     3 |    18 |     1 ||    22
       Confusing Touch   |       |       |     5 |     2 ||     7
Evoke: Wand              |       |       |     4 |       ||     4
  Use: Scroll            |     7 |     8 |     5 |     2 ||    22
       Potion            |     1 |     1 |     5 |       ||     7
 Stab: Sleeping          |    17 |    14 |    33 |     6 ||    70
       Distracted        |       |     1 |       |       ||     1
       Confused          |       |       |     2 |     1 ||     3
Armor: Robe              |    15 |    14 |    38 |     2 ||    69
Dodge: Dodged            |   110 |    78 |   152 |    32 ||   372

Table legend: (Time is in decaauts)
 A = Elapsed time spent in this place.
 B = Non-inter-level travel time spent in this place.
 C = Inter-level travel time spent in this place.
 D = Time resting spent in this place.
 E = Time spent auto-exploring this place.
 F = Levels seen in this place.
 G = Mean time per level.
                   A        B        C        D        E       F      G
               +--------+--------+--------+--------+--------+-----+--------+
         Total |   6793 |   6624 |    169 |   1458 |   3808 |   9 |  754.8 |
       Dungeon |   6741 |   6592 |    149 |   1458 |   3785 |   8 |  842.6 |
        Temple |     51 |     32 |     19 |      0 |     22 |   1 |   51.0 |
               +--------+--------+--------+--------+--------+-----+--------+

Top non-repeatable levels by time:
     D:1: 1224 daAuts
     D:6: 1028 daAuts
     D:2: 938 daAuts
     D:5: 937 daAuts
     D:4: 830 daAuts
     D:3: 818 daAuts
     D:7: 616 daAuts
     D:8: 346 daAuts
  Temple: 51 daAuts
